 Dungeon Crawl Stone Soup version 0.31.0-11-ge490571c62 (webtiles) character file.

Game seed: 10740576571873628388

569451 GloriousHammer the Phalangite (level 26, 0/193 (213) HPs)
             Began as a Formicid Delver on Jan 26, 2024.
             Was a High Priest of Ru.
             Killed from afar by a red draconian scorcher (30 damage)
             ... with damnation
             ... led by a black draconian knight
             ... on level 1 of the Realm of Zot on Jan 29, 2024.
             The game lasted 03:20:10 (69289 turns).

GloriousHammer the Phalangite (Formicid Delver)    Turns: 69289, Time: 03:20:11

HP:   0/193 (213)   AC: 47    Str: 28    XL:     26
MP:   22/29         EV: 14    Int:  6    God:    Ru [*****.]
Gold: 1355          SH: 36    Dex: 22    Spells: 34/38 levels left

rFire   + + .        a - +9 bardiche (freeze)
rCold   + . .        U - +7 tower shield
rNeg    + + +        s - +14 crystal plate armour {rC+}
rPois   +            (helmet unavailable)
rElec   .            h - +0 cloak "Udushraal" {rN+ Will+}
rCorr   +            x - +0 pair of fencer's gloves {Riposte Dex+3}
SInv    +            L - +2 pair of boots {Fly}
Will    +++..        y - amulet of reflection Stlth
                     W - ring of Qupiupti {rPois rN+ EV+5 Dex+4}
HPRegen 0.00/turn    T - ring "Ikeip" {rPois rF++ rN+ rCorr Int-3}
MPRegen 0.21/turn

%: reflection
@: mighty, exhausted, flying, inhibited regen, studying 2 skills, drained
A: permanent stasis, dig shafts and tunnels, antennae 3, dopey 1, low MP 1, no
stealth, no ice magic, no necromancy magic, no alchemy magic, disrupted magic 1,
unskilled 1, inexperienced 1, four strong arms, no forms, inhibited
regeneration, no potion heal 1
}: 4/15 runes: decaying, serpentine, slimy, silver
a: Dig, Shaft Self, Renounce Religion, Sacrifice an Eye, Sacrifice Nimbleness,
Sacrifice Drink, Reject Sacrifices, Draw Out Power, Power Leap, Apocalypse


You were on level 1 of the Realm of Zot.
You worshipped Ru.
Ru was extremely pleased with you.
You visited 12 branches of the dungeon, and saw 52 of its levels.
You also visited: Trove, Bailey and Ice Cave.

You collected 10962 gold pieces.
You spent 9607 gold pieces at shops.

Inventory:

Hand Weapons
 a - a +9 bardiche of freezing (weapon)
 b - a +9 vampiric demon trident
Missiles
 p - 13 javelins (quivered)
 u - 34 boomerangs
 B - 12 silver javelins
 O - 10 throwing nets
 Q - 11 darts of dispersal
Armour
 h - the +0 cloak "Udushraal" (worn) {rN+ Will+}
   (You bought it in a shop on level 14 of the Dungeon)

   rN+:       It protects you from negative energy.
   Will+:     It increases your willpower.
 s - a +14 crystal plate armour of cold resistance (worn)
 x - the +0 pair of fencer's gloves (worn) {Riposte Dex+3}
   (You acquired it on level 6 of the Dungeon)

   Riposte:   It allows the wearer to riposte with melee weapons, swiftly
   retaliating against missed or blocked melee attacks.
   Dex+3:     It affects your dexterity (+3).
 L - a +2 pair of boots of flying (worn)
 U - a +7 tower shield (worn)
Jewellery
 e - the ring of Satisfaction {+Blink rElec rF+ Will+}
   (You found it on level 5 of the Pits of Slime)

   [ring of protection from fire]

   rF+:       It protects you from fire.
   rElec:     It insulates you from electricity.
   Will+:     It increases your willpower.
   +Blink:    It lets you blink.
 g - an amulet of the acrobat
 l - the ring of Amuo {rElec rPois rCorr Str-5 Int+2}
   (You took it off a frost giant on level 2 of the Depths)

   [ring of resist corrosion]

   Str-5:     It affects your strength (-5).
   Int+2:     It affects your intelligence (+2).
   rElec:     It insulates you from electricity.
   rPois:     It protects you from poison rCorr: It protects you from acid and
   corrosion.
 y - an amulet of reflection (around neck)
 F - the ring "Luonir" {Fly rPois rF+ rN+}
   (You took it off an orc knight on level 14 of the Dungeon)

   [ring of flight]

   rF+:       It protects you from fire.
   rPois:     It protects you from poison rN+: It protects you from negative
   energy.
   Fly:       It grants you flight.
 I - the ring "Miukaro" {Will+ rCorr Int+2 Dex-5 Slay+4}
   (You took it off a deep elf pyromancer on level 3 of the Elven Halls)

   [ring of slaying]

   Int+2:     It affects your intelligence (+2).
   Dex-5:     It affects your dexterity (-5).
   Slay+4:    It affects your accuracy & damage with ranged weapons and melee
   (+4).
   Will+:     It increases your willpower.
   rCorr:     It protects you from acid and corrosion.
 R - the ring "Lus Ats" {rN+ Will++ Str+2}
   (You took it off a vampire mage on level 3 of the Crypt)

   [ring of positive energy]

   Str+2:     It affects your strength (+2).
   rN+:       It protects you from negative energy.
   Will++:    It greatly increases your willpower.
 T - the ring "Ikeip" (right hand) {rPois rF++ rN+ rCorr Int-3}
   (You took it off an ironbound preserver on level 5 of the Vaults)

   [ring of positive energy]

   Int-3:     It affects your intelligence (-3).
   rF++:      It greatly protects you from fire.
   rPois:     It protects you from poison rN+: It protects you from negative
   energy.
   rCorr:     It protects you from acid and corrosion.
 W - the ring of Qupiupti (left hand) {rPois rN+ EV+5 Dex+4}
   (You found it on level 1 of the Lair of Beasts)

   [ring of evasion]

   EV+5:      It affects your evasion (+5).
   Dex+4:     It affects your dexterity (+4).
   rPois:     It protects you from poison rN+: It protects you from negative
   energy.
Wands
 f - a wand of digging (22)
 j - a wand of flame (138)
 n - a wand of paralysis (94)
 C - a wand of quicksilver (29)
 G - a wand of iceblast (38)
 S - a wand of mindburst (30)
 Z - a wand of polymorph (27)
Scrolls
 c - 12 scrolls of fog
 d - 12 scrolls of revelation
 m - 12 scrolls of vulnerability
 o - 8 scrolls of noise
 r - 4 scrolls of silence
 v - 10 scrolls of immolation
 M - 10 scrolls of summoning
Potions
 q - 4 potions of cancellation
 t - 2 potions of mutation
 z - 5 potions of enlightenment
 A - 10 potions of heal wounds
 E - 3 potions of ambrosia
 H - 8 potions of attraction
 J - 25 potions of curing
 K - 8 potions of resistance
 X - 2 potions of invisibility
 Y - 2 potions of might
Miscellaneous
 i - a phantom mirror
 k - a condenser vane
 D - a lightning rod (4/4)
 N - a box of beasts
 V - a phial of floods


   Skills:
 + Level 18.5 Fighting
 + Level 25.2 Polearms
 + Level 12.5 Throwing
 + Level 18.3 Armour
 - Level 4.5 Dodging
 + Level 21.0 Shields
 + Level 6.8 Spellcasting
 + Level 8.2 Earth Magic
 + Level 19.7 Evocations


You had 34 spell levels left.
You knew the following spells:

 Your Spells              Type           Power      Damage    Failure   Level
a - Passwall              Erth           11%        N/A       54%         3
b - Apportation           Tloc           4%         N/A       99%         1

Your spell library contained the following spells:

 Spells                   Type           Power      Damage    Failure   Level
 Sandblast                Erth           22%        2d7       24%         1
 Stone Arrow              Conj/Erth      14%        3d7       97%         3
 Foxfire                  Conj/Fire      8%         2x1d4     99%         1
 Magic Dart               Conj           8%         1d3       99%         1
 Slow                     Hex            8%         N/A       99%         1
 Lee's Rapid Deconstruct  Erth           5%         3d6*      99%         5
 Call Imp                 Summ           4%         N/A       100%        2
 Jinxbite                 Hex            4%         N/A       100%        2
 Lesser Beckoning         Tloc           4%         N/A       100%        2
 Momentum Strike          Conj/Tloc      4%         3d8       100%        2
 Searing Ray              Conj           4%         2d4       100%        2
 Static Discharge         Conj/Air       4%         3-4/arc   100%        2
 Confusing Touch          Hex            2%         N/A       100%        3
 Dazzling Flash           Conj/Hex       4%         N/A       100%        3
 Gell's Gravitas          Tloc           2%         N/A       100%        3
 Sigil of Binding         Hex            2%         N/A       100%        3
 Teleport Other           Tloc           2%         N/A       100%        3
 Volatile Blastmotes      Fire/Tloc      4%         2d10      100%        3
 Airstrike                Air            1%         2d(1-17)  100%        4
 Animate Armour           Summ/Erth      14%        N/A       100%        4
 Brom's Barrelling Bould  Conj/Erth      7%         2d3       100%        4
 Cause Fear               Hex            1%         N/A       100%        4
 Manifold Assault         Tloc           2%         N/A       100%        4
 Passage of Golubria      Tloc           2%         N/A       100%        4
 Summon Blazeheart Golem  Fire/Summ      2%         N/A       100%        4
 Summon Lightning Spire   Summ/Air       2%         N/A       100%        4
 Arcjolt                  Conj/Air       1%         1d11      100%        5
 Iskenderun's Battlesphe  Conj           2%         2d6       100%        5
 Silence                  Hex/Air        1%         N/A       100%        5
 Summon Forest            Summ/Tloc      1%         N/A       100%        5
 Summon Mana Viper        Hex/Summ       2%         N/A       100%        5
 Bombard                  Conj/Erth      3%         9d1       100%        6
 Conjure Ball Lightning   Conj/Air       1%         3x3d6     100%        6
 Plasma Beam              Fire/Air       1%         2x1d11    100%        6
 Starburst                Conj/Fire      1%         6d3       100%        6
 Enfeeble                 Hex            1%         N/A       100%        7
 Monstrous Menagerie      Summ           1%         N/A       100%        7
 Orb of Destruction       Conj           1%         9d5       100%        7
 Spellforged Servitor     Conj/Summ      1%         N/A       100%        7
 Summon Hydra             Summ           1%         N/A       100%        7
 Discord                  Hex            1%         N/A       100%        8
 Disjunction              Tloc           1%         N/A       100%        8
 Ignition                 Fire           1%         3d3       100%        8
 Lehudib's Crystal Spear  Conj/Erth      3%         10d3      100%        8
 Maxwell's Capacitive Co  Air            1%         ∞         100%        8
 Chain Lightning          Conj/Air       1%         3d1       100%        9
 Fire Storm               Conj/Fire      1%         7d1       100%        9
 Shatter                  Erth           5%         3d8*      100%        9
 Freeze                   Ice            Unusable   1d3       N/A         1
 Kiss of Death            Conj/Necr      Unusable   2d6       N/A         1
 Sting                    Conj/Alch      Unusable   1d3       N/A         1
 Blink                    Tloc           Unusable   N/A       N/A         2
 Cigotuvi's Dreadful Rot  Necr/Alch/Air  Unusable   N/A       N/A         2
 Ensorcelled Hibernation  Hex/Ice        Unusable   N/A       N/A         2
 Sublimation of Blood     Necr           Unusable   N/A       N/A         2
 Frozen Ramparts          Ice            Unusable   1d1       N/A         3
 Fugue of the Fallen      Necr           Unusable   N/A       N/A         3
 Hailstorm                Conj/Ice       Unusable   3d5       N/A         3
 Mephitic Cloud           Conj/Alch/Air  Unusable   N/A       N/A         3
 Ozocubu's Armour         Ice            Unusable   N/A       N/A         3
 Summon Ice Beast         Ice/Summ       Unusable   N/A       N/A         3
 Vampiric Draining        Necr           Unusable   2d6       N/A         3
 Anguish                  Hex/Necr       Unusable   N/A       N/A         4
 Dispel Undead            Necr           Unusable   3d7       N/A         4
 Fulminant Prism          Conj/Alch      Unusable   3d5       N/A         4
 Ignite Poison            Fire/Alch      Unusable   N/A       N/A         4
 Leda's Liquefaction      Alch/Erth      Unusable   N/A       N/A         4
 Martyr's Knell           Necr/Summ      Unusable   N/A       N/A         4
 Petrify                  Alch/Erth      Unusable   N/A       N/A         4
 Sticky Flame             Fire/Alch      Unusable   2d4       N/A         4
 Vhi's Electric Charge    Tloc/Air       Unusable   N/A       N/A         4
 Alistair's Intoxication  Alch           Unusable   N/A       N/A         5
 Curse of Agony           Necr           Unusable   N/A       N/A         5
 Freezing Cloud           Conj/Ice/Air   Unusable   6-21      N/A         5
 Irradiate                Conj/Alch      Unusable   3d12      N/A         5
 Death Channel            Necr           Unusable   N/A       N/A         6
 Eringya's Noxious Bog    Alch           Unusable   4d6       N/A         6
 Sculpt Simulacrum        Ice/Alch       Unusable   N/A       N/A         6
 Ozocubu's Refrigeration  Ice            Unusable   4d7       N/A         7
 Polar Vortex             Ice            Unusable   N/A       N/A         9

Dungeon Overview and Level Annotations

Branches:
Dungeon (15/15)            Temple (1/1) D:5            Lair (5/5) D:11
  Swamp (4/4) Lair:2        Snake (4/4) Lair:2        Slime (5/5) Lair:5
    Orc (2/2) D:10            Elf (3/3) Orc:2        Vaults (5/5) D:14
  Crypt (3/3) Vaults:2       Tomb (0/3) Crypt:3      Depths (4/4) D:15
    Zot (1/5) Depths:4     Bailey (visited)           IceCv (visited)

Altars:
Ashenzari
Cheibriados
Dithmenos
Elyvilon
Fedhas
Gozag
Hepliaklqana
Kikubaaqudgha
Makhleb
Nemelex Xobeh
Okawaru
Qazlal
Ru
Sif Muna
Trog
Uskayaw
Vehumet
Wu Jian
Xom
Yredelemnul
Zin
The Shining One
Ignis
Jiyva

Shops:
D:2 ??*(?   D:9 (=   D:10 *   D:14 ([*[   Orc:2 (*[!   Elf:3 :   Snake:2 [
Snake:3 =:=   Depths:1 (   Depths:2 *:[:   Depths:4 *

Portals:
Hell: Depths:1 Depths:2 Depths:3 Depths:4
Abyss: Depths:2 Depths:3
Pandemonium: Depths:1 Depths:2
Ziggurat: Depths:2

Annotations:
Crypt:2 exclusion: downstairs
Crypt:3 1 runed translucent door, Osipn's ghost, veteran MiGl


Innate Abilities, Weirdness & Mutations

You cannot be hasted, slowed, berserked, paralysed or teleported.
You can dig through walls and to a lower floor.
You have a pair of large antennae on your head. (SInv)
You are dopey. (Int -2)
Your magical capacity is low. (-10% MP)
You cannot be stealthy.
You cannot study or cast Ice magic.
You cannot study or cast Necromancy magic.
You cannot study or cast Alchemy magic.
Your casting is slightly disrupted.
You are somewhat unskilled. (-1 Apt)
You are somewhat inexperienced. (-1 XL)
Your four strong arms can wield two-handed weapons with a shield.
You cannot voluntarily change form.
You do not regenerate when monsters are visible.
Potions are less effective at restoring your health.


Message History

The black draconian knight flickers and vanishes for a moment.
As you read the scroll of summoning, it crumbles to dust.
Wisps of shadow whirl around you...
The purple draconian shifter breathes dispelling energy at you.
The bolt of dispelling energy misses you.
Your white draconian hits the red draconian with a +0 hand axe!
Your golden dragon bites the red draconian!!
The red draconian dies!
The helpless purple draconian fails to defend itself.
You slash the purple draconian! You freeze the purple draconian.
The purple draconian is severely wounded.
The white draconian breathes frost at you.
The blast of cold hits your moth of wrath!!
The blast of cold hits you but does no damage.
You swap places.
The orb of fire emits a lurid red light.
The fireball explodes!
The fireball engulfs your white draconian!!
The fireball engulfs the purple draconian!!!
The purple draconian dies!
The fireball engulfs your white draconian.
The fireball engulfs you. You resist.
The fireball engulfs your tentacled monstrosity!!
Your tentacled monstrosity resists.
The orb of fire emits a lurid red light.
The bolt of fire hits your white draconian!!!
The bolt of fire hits you. You resist.
The purple draconian shifter breathes dispelling energy at you.
The bolt of dispelling energy hits your golden dragon!!
The bolt of dispelling energy misses you.
You feel very mighty all of a sudden.
You redirect the black draconian knight's attack!
Your golden dragon breathes fire at the purple draconian shifter.
The bolt of fire hits the purple draconian shifter!!!
Your moth of wrath completely misses the white draconian.
The purple draconian shifter falters for a moment.
The white draconian hits your moth of wrath with a +0 battleaxe!!
Your moth of wrath dies!
Your moth of wrath's corpse dissolves into shadows!
The black draconian knight roars!
As you read the scroll of summoning, it crumbles to dust.
Wisps of shadow whirl around you...
Your white draconian breathes frost at the orb of fire.
The blast of cold hits the orb of fire!
The orb of fire resists.
The purple draconian shifter hits your golden dragon but does no damage.
A red draconian scorcher comes into view.
It is wielding a +0 dagger.
You slice the orb of fire!! You freeze the orb of fire.
The orb of fire is moderately damaged.
Your golden dragon bites the purple draconian shifter!
The purple draconian shifter dies!
The black draconian knight breathes lightning at you.
The bolt of lightning hits your tentacled monstrosity!
Your tentacled monstrosity resists.
The bolt of lightning hits the orb of fire.
The orb of fire completely resists.
The bolt of lightning hits you!!
* * * LOW HITPOINT WARNING * * *
Your white draconian hits the orb of fire with a +0 hand axe.
The red draconian scorcher breathes fire at you.
The searing blast hits the black draconian knight!!
The black draconian knight dies!
The searing blast hits your tentacled monstrosity!!
Your tentacled monstrosity resists.
You slice the orb of fire!! You freeze the orb of fire.
The orb of fire is heavily damaged.
Your death cob misses the orb of fire.
The orb of fire glows red.
The fireball explodes!
The fireball engulfs you!! You resist.
* * * LOW HITPOINT WARNING * * *
The fireball engulfs your white draconian!!
The fireball engulfs your death cob!!!!
Your death cob is destroyed!
Your death cob dissolves into shadows!
The fireball engulfs the orb of fire.
The orb of fire completely resists.
The fireball engulfs your white draconian!!!
Your white draconian dies!
Your white draconian's corpse dissolves into shadows!
Your purple draconian shifter gestures at the orb of fire while chanting.
The orb of fire blinks!
Your tentacled monstrosity is engulfed in blazing flames.
Your tentacled monstrosity tentacle-slaps the white draconian!
Your tentacled monstrosity closely misses the white draconian.
Your tentacled monstrosity tentacle-slaps the white draconian.
Your tentacled monstrosity grabs the white draconian.
Your tentacled monstrosity constricts the white draconian.
Okay, then.
Saving game... please wait.
Welcome back, GloriousHammer the Formicid Delver.
Ru says: Cut away your false body!
Press ? for a list of commands and other information.
Press: ? - help, v - describe, . - travel, g - get item
Here: a red draconian scorcher, wielding a +0 dagger and wearing a +0 cloak (catching its breath, ally target)
Items here: a +0 cloak; a +0 whip.
The floor.
Okay, then.
Okay, then.
Your system partially rejects the healing.
You feel much better.
The red draconian scorcher points at you and mumbles some strange words.
The sphere of damnation explodes!
The damnation engulfs you!!
You die...

. #.....((###
#....q....#
#.....†...# #
##........# ###
##q....[...#
..#########.....d...#
......##....q..)XX..#
............[yd)§)..#
..............Dd@⌠..#
.............q..*.†##
....#########......#
#..## #......# #.>##
#......# #...#
##[...## ##..#
###....#
#..########......#
#................#


You could see an orb of fire (ally target), a white draconian, a red draconian
scorcher (catching breath, ally target), 2 friendly tentacled monstrosities, a
friendly green draconian monk (summoned), a friendly golden dragon (summoned), a
friendly red draconian (summoned), a friendly white draconian (summoned), a
friendly purple draconian shifter (summoned), a friendly red draconian scorcher
(summoned) and a friendly moth of wrath (summoned).

Vanquished Creatures
  the Royal Jelly (Slime:5)
  2 dread liches
  Frederick (Vaults:2)
  2 ancient liches (Vaults:5)
  3 juggernauts
  Boris (thrice) (Vaults:1 Vaults:2 Vaults:4)
  Bai Suzhen (Crypt:1)
  the Lernaean hydra (Swamp:4)
  Saint Roka (Snake:3)
  2 curse toes (Crypt:3)
  5 golden dragons
  the Enchantress (Depths:4)
  4 tentacled monstrosities
  5 liches
  3 titans (Vaults:5)
  A walking crystal tome (Depths:4)
  2 deep elf blademasters (Elf:3)
  4 quicksilver dragons
  2 deep elf master archers (Elf:3)
  2 walking divine tomes (Depths:3)
  Gastronok (D:9)
  13 acid blobs
  8 sphinxes
  9 ancient champions
  2 storm dragons
  5 tengu reavers
  5 shadow dragons
  3 revenants
  A draconian monk (Zot:1)
  5 rockslimes
  7 azure jellies
  3 nagarajas (Snake:3)
  A draconian knight (Zot:1)
  6 fire giants
  6 deep elf sorcerers
  5 frost giants
  A draconian scorcher (Depths:4)
  Louise (D:15)
  15 vault wardens
  A balrug (Depths:4)
  4 iron dragons
  4 deep elf elementalists
  2 draconian annihilators
  20 ironbound preservers
  2 curse skulls (Crypt:3)
  10 stone giants
  2 reapers
  2 orc warlords
  11 very ugly things
  3 ghouls
  8 quicksilver oozes (Slime:5)
  2 draconian stormcallers
  6 spriggan defenders
  4 formless jellyfish
  9 ironbound thunderhulks
  3 rockslime zombies (Crypt:2)
  A juggernaut skeleton (Crypt:2)
  8 vampire knights
  A green draconian (Depths:4)
  A purple draconian (Zot:1)
  4 deep elf demonologists (Elf:3)
  9 deep elf death magi
  An eleionoma (Swamp:4)
  A white draconian (Depths:4)
  2 red draconians (Zot:1)
  The ghost of Ruicvywi the Grappler, a journeyman OnSh of Okawaru (Lair:3)
  The ghost of Ruicvywi the Grappler, a journeyman OnSh of Okawaru (Lair:3)
  8 deep elf annihilators
  3 yellow draconians
  7 dire elephants
  3 spark wasps (Depths:2)
  3 bunyips (Swamp:3)
  The ghost of Irhican the Severer, a journeyman MiBe of Trog (Lair:3)
  3 eidola
  5 war gargoyles
  Azrael (D:15)
  Snorg (D:10)
  Josephine (D:12)
  6 crystal guardians
  7 jiangshi
  8 fire dragons
  2 entropy weavers
  12 ettins
  9 yaktaur captains
  2 shambling mangroves (Swamp:3)
  38 vault guards
  9 salamander tyrants
  4 deep elf high priests
  Fannar (D:12)
  26 hydras
  13 great orbs of eyes
  9 ice dragons
  2 catoblepae (D:15)
  6 spriggan air magi
  A ghost crab (Swamp:2)
  6 ogre magi
  6 peacekeepers
  2 spriggan skeletons (Crypt:3)
  13 ironbound frosthearts
  13 anacondas
  3 rakshasas
  14 centaur warriors
  8 alligators
  A fenstrider witch skeleton (Crypt:2)
  10 death yaks
  A death knight (Crypt:1)
  14 two-headed ogres
  A deep troll shaman (Depths:1)
  6 naga warriors
  27 dancing weapons
  11 tengu warriors
  4 boulder beetles
  13 naga sharpshooters
  3 orc high priests
  7 deep troll earth magi
  A sphinx skeleton (Crypt:1)
  5 soul eaters
  An occultist (Depths:1)
  13 spriggan berserkers
  10 vampire magi
  13 shock serpents
  22 deep elf knights
  4 sun demons
  A titan skeleton (Crypt:3)
  2 shadow wraiths
  3 skysharks
  7 iron trolls
  6 salamander mystics
  32 skeletal warriors
  7 swamp dragons
  62 deep trolls
  3 goliath frogs
  2 spriggan druids (Swamp:3)
  5 flayed ghosts
  2 glowing orange brains
  4 arcanists
  An orb spider (shapeshifter) (Vaults:5)
  16 mana vipers
  4 bog bodies
  A death drake (shapeshifter) (Depths:2)
  8 naga ritualists
  A tengu zombie (Vaults:4)
  10 deep elf archers
  6 lindwurms
  18 ironbound convokers
  10 orc knights
  A golden dragon skeleton (Crypt:1)
  4 necromancers
  8 phantasmal warriors
  A fire giant zombie (Crypt:1)
  30 deep elf pyromancers
  19 deep elf zephyrmancers
  7 harpies (Vaults:1)
  A wolf spider (D:14)
  2 orc sorcerers
  A shining eye (shapeshifter) (Vaults:5)
  2 frost giant zombies
  24 ugly things
  5 manticores
  A faun (shapeshifter) (Vaults:5)
  An oklob plant (Lair:4)
  3 shining eyes (Slime:5)
  A will-o-the-wisp (Swamp:3)
  A shadow dragon skeleton (Vaults:4)
  13 salamanders
  6 cyclopes
  9 kobold blastminers
  13 elephants
  An iron dragon skeleton (Crypt:2)
  2 moths of wrath (Zot:1)
  An ice statue (IceCv)
  16 vault sentinels
  A dire elephant zombie (Crypt:2)
  2 stone giant skeletons
  8 guardian serpents
  2 eyes of devastation
  Joseph (Lair:1)
  A frost giant skeleton (Crypt:1)
  2 centaur skeletons
  33 black mambas
  2 gargoyles (D:11)
  A torpor snail (Lair:5)
  A hellion (Depths:2)
  2 rime drakes (Lair:5)
  14 naga magi
  16 cane toads
  19 yaktaurs
  5 komodo dragons
  3 tengu conjurers
  6 unseen horrors
  A catoblepas skeleton (Crypt:2)
  3 efreet
  A dire elephant skeleton (Crypt:2)
  4 guardian mummies (Crypt:3)
  A red draconian skeleton (Crypt:3)
  5 freezing wraiths
  Psyche (D:12)
  12 polar bears
  4 trolls
  A harpy zombie (Crypt:3)
  Grinder (D:4)
  The ghost of michknight7 the Cudgeller, an amateur MiFi of Trog (D:5)
  A moth of wrath zombie (Crypt:2)
  21 hornets
  14 tyrant leeches
  A hydra skeleton (Crypt:3)
  An ice dragon zombie (Crypt:3)
  28 blink frogs
  85 slime creatures
  An ettin zombie (Crypt:2)
  A centaur simulacrum (D:14)
  Sigmund (D:3)
  19 spriggans
  5 water elementals
  3 air elementals
  A culicivora (shapeshifter) (Vaults:5)
  A shadow (D:12)
  12 wraiths
  An ice dragon skeleton (Crypt:1)
  2 wyverns
  4 vampires
  56 yaks
  4 basilisks
  2 hogs (shapeshifter) (D:14)
  An alligator snapping turtle simulacrum (Crypt:3)
  A fire bat (shapeshifter) (D:14)
  2 redbacks (shapeshifter)
  A basilisk (shapeshifter) (D:14)
  13 wargs
  3 steam dragons
  17 fire elementals
  A redback (Vaults:1)
  25 vampire mosquitoes
  12 swamp worms
  30 nagas
  An acid dragon (D:11)
  A water moccasin (shapeshifter) (D:14)
  2 hell hounds (D:15)
  17 water moccasins
  A merfolk skeleton (Crypt:1)
  59 orc warriors
  2 sky beasts (D:7)
  3 ice beasts
  11 swamp drakes
  2 black bears
  14 laughing skulls
  15 ogres
  26 wolves
  4 boggarts (Vaults:3)
  7 centaurs
  A hog skeleton (Crypt:3)
  A phantom (D:5)
  2 kobold brigands (D:10)
  3 earth elementals
  A fire crab zombie (Crypt:1)
  A glowing shapeshifter simulacrum (Vaults:4)
  7 scorpions
  13 bullfrogs
  3 necrophages (Crypt:1)
  2 wyvern zombies (Crypt:3)
  A cyclops zombie (Crypt:1)
  5 wights
  A water moccasin skeleton (Crypt:2)
  A yak zombie (Crypt:3)
  12 killer bees
  5 electric eels
  2 lava snakes (Lair:2)
  A bombardier beetle (D:6)
  3 hounds
  7 jellies
  22 orc priests
  A water moccasin simulacrum (D:5)
  A sleepcap (D:6)
  2 iguanas
  39 orc wizards
  7 hell rats
  A polar bear simulacrum (D:10)
  3 wolf simulacra (D:10)
  4 yak simulacra (D:10)
  A bullfrog simulacrum (D:5)
  2 acid dragon skeletons (Crypt:1)
  2 scorpion simulacra (D:5)
  5 adders
  5 gnolls
  A river rat (D:11)
  15 white imps
  2 howler monkey simulacra (D:5)
  2 ufetubi (D:6)
  5 dart slugs
  3 ribbon worms
  130 orcs
  A bat skeleton (Crypt:3)
  7 endoplasms
  3 giant cockroaches
  6 goblins
  9 hobgoblins
  5 jackals
  3 quokkas
  3 training dummies (Depths:1)
  9 ball pythons
  A frilled lizard (D:2)
  10 kobolds
  8 rats
  3 river rat simulacra (D:10)
2155 creatures vanquished.

Vanquished Creatures (collateral kills)
  A draconian shifter (Zot:1)
  A red draconian (Zot:1)
  A rakshasa (D:15)
  A deep elf knight (Swamp:2)
  A raiju (Swamp:2)
5 creatures vanquished.

Vanquished Creatures (others)
  Mennas (Crypt:3)
  A titan (Depths:3)
  An ancient champion (Crypt:3)
  A draconian knight (Zot:1)
  A war gargoyle (Vaults:4)
  A purple draconian (Zot:1)
  An ettin (Depths:4)
  A deep elf high priest (Vaults:5)
  A yaktaur captain (Vaults:3)
  A dancing weapon (Elf:2)
  A tengu warrior (Depths:2)
  A naga warrior (Snake:3)
  2 deep elf knights
  A salamander mystic (Snake:3)
  A deep troll (Vaults:1)
  A deep elf pyromancer (Elf:2)
  2 deep elf zephyrmancers
  An orc sorcerer (Snake:3)
  An ugly thing (D:15)
  A black mamba (Snake:3)
  2 bloated husks
  3 slime creatures
  An ogre (Snake:3)
  A jelly (Lair:5)
  An orc wizard (Vaults:5)
  A crocodile zombie (Crypt:2)
  A white imp (D:6)
  2 foxfires (Swamp:3)
34 creatures vanquished.

Grand Total: 2194 creatures vanquished

Notes
Turn   | Place    | Note
-------+----------+-------------------------------------------
     0 | D:5      | GloriousHammer the Formicid Delver began the quest for the
                  | Orb.
     0 | D:5      | Reached XP level 1. HP: 18/18 MP: 1/1
   237 | D:4      | Reached XP level 2. HP: 24/24 MP: 2/2
   360 | D:4      | Identified the +7 hand axe of Voiqen Apni {pain, rElec
                  | rCorr Dex+3}
   396 | D:4      | Noticed a scorpion
   575 | D:2      | Found Sissoarch's Magic Scroll Shoppe.
   656 | D:2      | Found Xuigiruv's Weapon Shop.
   683 | D:2      | Reached XP level 3. HP: 18/29 MP: 3/3
   730 | D:2      | Reached skill level 1 in Armour
   900 | D:2      | Reached skill level 3 in Polearms
   955 | D:2      | Found Adufabyi's Magic Scroll Emporium.
   964 | D:2      | Bought a scroll of identify for 26 gold pieces
   964 | D:2      | Bought a scroll of identify for 26 gold pieces
  1325 | D:1      | Reached XP level 4. HP: 35/35 MP: 4/4
  1982 | D:2      | Found Daxyak's General Store.
  1988 | D:2      | Bought a scroll of identify for 26 gold pieces
  1988 | D:2      | Bought a scroll of identify for 26 gold pieces
  2056 | D:2      | Bought a scroll of identify for 20 gold pieces
  2069 | D:2      | Found a faded altar of an unknown god.
  2161 | D:2      | Found Enuj Foor's Magic Scroll Emporium.
  2227 | D:2      | Identified the +0 robe of Moral Flaws {Regen+}
  2545 | D:3      | Noticed Sigmund
  2563 | D:3      | Killed Sigmund
  2564 | D:3      | Reached skill level 5 in Polearms
  2564 | D:3      | Reached XP level 5. HP: 29/41 MP: 5/5
  2564 | D:3      | Reached XP level 6. HP: 33/47 MP: 6/6
  3154 | D:4      | Noticed Grinder
  3167 | D:4      | Killed Grinder
  3168 | D:4      | Reached skill level 6 in Polearms
  3168 | D:4      | Reached XP level 7. HP: 37/52 MP: 7/7
  3403 | D:4      | Reached skill level 7 in Polearms
  3574 | D:4      | Reached XP level 8. HP: 53/58 MP: 8/8
  3591 | D:4      | Reached skill level 8 in Polearms
  3802 | D:4      | Found a snail-covered altar of Cheibriados.
  3939 | D:2      | Prayed at the altar of an unknown god.
  3939 | D:2      | Became a worshipper of Ignis, the Dying Flame
  4053 | D:5      | Found a runed translucent gate.
  4053 | D:5      | Found a runed translucent gate.
  4053 | D:5      | Found a runed translucent gate.
  4106 | D:5      | Reached skill level 9 in Polearms
  4228 | D:5      | Reached XP level 9. HP: 64/64 MP: 9/9
  4242 | D:5      | Found a staircase to the Ecumenical Temple.
  4268 | Temple   | Entered the Ecumenical Temple
  4329 | D:5      | Reached skill level 10 in Polearms
  4377 | D:5      | Noticed michknight7's ghost (amateur MiFi)
  4769 | D:5      | Killed michknight7's ghost
  5190 | D:6      | Reached skill level 11 in Polearms
  5666 | D:6      | Noticed an unseen horror
  5675 | D:6      | Killed an unseen horror
  5676 | D:6      | Reached skill level 12 in Polearms
  5678 | D:6      | Identified a scroll of acquirement
  5679 | D:6      | Acquired the +0 pair of fencer's gloves {Riposte Dex+3}
  5679 | D:6      | Found the +0 pair of fencer's gloves {Riposte Dex+3}
  6176 | D:7      | Reached XP level 10. HP: 61/70 MP: 10/10
  6398 | D:7      | Reached skill level 13 in Polearms
  6868 | D:8      | Identified the +5 rapier "Mutu" {freeze, Int+2}
  7180 | D:8      | Got the Folio of Conflict
  7519 | D:8      | Found an ancient bone altar of Kikubaaqudgha.
  7662 | D:8      | Reached skill level 14 in Polearms
  7827 | D:9      | Reached skill level 1 in Evocations
  7988 | D:9      | Found Dawnit's Weapon Shoppe.
  8045 | D:9      | Found a flagged portal.
  8072 | Bailey   | Entered a bailey
  8133 | Bailey   | Reached XP level 11. HP: 63/77 MP: 11/11
  8336 | Bailey   | Noticed an orc knight
  8339 | Bailey   | Reached skill level 5 in Armour
  8351 | Bailey   | Killed an orc knight
  8382 | Bailey   | Acquired 669 gold pieces
  8595 | D:9      | Found Wozej's Jewellery Boutique.
  9288 | D:2      | Bought a scroll of brand weapon for 123 gold pieces
  9472 | D:9      | Bought a +4 ring of protection for 540 gold pieces
  9472 | D:9      | Bought an amulet of reflection for 450 gold pieces
  9484 | D:10     | Entered Level 10 of the Dungeon
  9484 | D:10     | Noticed Gastronok
  9535 | D:9      | Killed Gastronok
  9536 | D:9      | Reached skill level 5 in Fighting
  9720 | D:10     | Found Niwa Viz's Assorted Antiques.
  9755 | D:10     | Found a stormy altar of Qazlal.
  9755 | D:10     | Found a shadowy altar of Dithmenos.
  9755 | D:10     | Found an ornate altar of the Wu Jian Council.
  9862 | D:10     | Found a sacrificial altar of Ru.
  9900 | D:10     | Noticed a two-headed ogre
  9908 | D:10     | Killed a two-headed ogre
 10308 | D:10     | Reached skill level 15 in Polearms
 10319 | D:10     | Found a staircase to the Orcish Mines.
 10436 | D:10     | Noticed Snorg
 10437 | D:10     | Noticed a centaur warrior
 10447 | D:10     | Killed Snorg
 10452 | D:10     | Killed a centaur warrior
 10590 | D:10     | Found a hide-covered altar of Uskayaw.
 10643 | D:10     | Reached XP level 12. HP: 81/88 MP: 12/12
 11208 | D:10     | Bought a forked lead wand for 124 gold pieces
 11352 | D:11     | Noticed a death yak
 11360 | D:11     | Noticed a death yak
 11441 | D:10     | Killed a death yak
 11442 | D:10     | Reached skill level 5 in Evocations
 11459 | D:11     | Noticed a death yak
 11474 | D:10     | Killed a death yak
 11512 | D:10     | Killed a death yak
 11513 | D:10     | Reached skill level 5 in Dodging
 11862 | D:11     | Found a staircase to the Lair.
 12437 | Lair:1   | Entered Level 1 of the Lair of Beasts
 12731 | Lair:1   | Reached skill level 16 in Polearms
 12979 | Lair:1   | Reached XP level 13. HP: 97/97 MP: 13/13
 13003 | Lair:1   | Identified the +8 quarterstaff "Ohuff" {heavy, +Blink
                  | rElec}
 13038 | Lair:1   | Identified the ring of Qupiupti {rPois rN+ EV+5 Dex+4}
 13173 | Lair:1   | Noticed Joseph
 13180 | Lair:1   | Killed Joseph
 13834 | Lair:2   | Noticed a four-headed hydra
 13845 | Lair:2   | Killed a four-headed hydra
 13920 | Lair:2   | Found a staircase to the Swamp.
 14624 | Lair:2   | Found a staircase to the Snake Pit.
 14720 | Lair:2   | Reached skill level 17 in Polearms
 15004 | Lair:3   | Found a runed translucent gate.
 15004 | Lair:3   | Found a runed translucent gate.
 15004 | Lair:3   | Found a runed translucent gate.
 15009 | Lair:3   | Reached skill level 1 in Throwing
 15009 | Lair:3   | Noticed Ruicvywi's ghost (journeyman OnSh)
 15009 | Lair:3   | Noticed Irhican's ghost (journeyman MiBe)
 15009 | Lair:3   | Noticed Ruicvywi's ghost (journeyman OnSh)
 15216 | Lair:3   | Noticed an eight-headed hydra
 15216 | Lair:3   | Noticed a six-headed hydra
 15227 | Lair:3   | Killed an eight-headed hydra
 15238 | Lair:3   | Killed a six-headed hydra
 16311 | Lair:4   | Reached XP level 14. HP: 108/108 MP: 14/14
 16338 | Lair:4   | Found a frozen archway.
 16372 | IceCv    | Entered an ice cave
 17107 | IceCv    | Found the +2 Maxwell's thermic engine {flame, freeze, rev}
 17387 | IceCv    | Reached skill level 10 in Armour
 17628 | Lair:4   | Acquired a manual of Evocations
 17787 | Lair:4   | Found a blossoming altar of Fedhas.
 17875 | Lair:4   | Reached skill level 10 in Fighting
 17965 | Lair:4   | Reached skill level 18 in Polearms
 18284 | D:10     | Fell from the grace of Ignis
 18284 | D:10     | Became a worshipper of Ru the Awakened
 18991 | Lair:5   | Entered Level 5 of the Lair of Beasts
 19514 | Lair:4   | Reached skill level 10 in Evocations
 19613 | Lair:5   | Reached XP level 15. HP: 117/117 MP: 15/15
 20261 | Lair:5   | Found a staircase to the Slime Pits.
 20262 | Lair:5   | Found a viscous altar of Jiyva.
 20551 | Lair:5   | Identified the +0 plate armour "Kekemor" {Regen+}
 21084 | Orc:1    | Entered Level 1 of the Orcish Mines
 21203 | Orc:1    | Was forgiven by Ignis
 21525 | Orc:1    | Noticed an orc warlord
 21553 | Orc:1    | Killed an orc warlord
 21625 | Orc:1    | Reached skill level 19 in Polearms
 21637 | Orc:1    | Gained mutation: You cannot be stealthy. [Ru sacrifice]
 22291 | Orc:2    | Entered Level 2 of the Orcish Mines
 22820 | Orc:2    | Noticed an orc warlord
 22844 | Orc:2    | Killed an orc warlord
 22940 | Orc:2    | Found Koagubuucw's Antique Armour Shop.
 22977 | Orc:2    | Found Ujifeph's Antique Weapon Boutique.
 23091 | Orc:2    | Found Fym Kyc's Distillery.
 23196 | Orc:2    | Reached skill level 5 in Shields
 23422 | Orc:2    | Reached XP level 16. HP: 126/126 MP: 16/16
 23521 | Orc:2    | Gained mutation: You are somewhat inexperienced. (-1 XL)
                  | [Ru sacrifice]
 23521 | Orc:2    | Reached XP level 15. HP: 119/119 MP: 15/15
 23521 | Orc:2    | Reached * piety under Ru
 23521 | Orc:2    | Reached ** piety under Ru
 23602 | Orc:2    | Found a staircase to the Elven Halls.
 23831 | Orc:2    | Found Udaalyad's General Store.
 23953 | Orc:2    | Bought a pair of glowing boots for 187 gold pieces
 24086 | D:12     | Identified the +0 leather armour of Indomitability {*Slow
                  | Regen+ Str+7}
 24127 | D:12     | Noticed Psyche
 24131 | D:12     | Found a portal to a secret trove of treasure.
 24135 | D:12     | Killed Psyche
 24168 | D:12     | Noticed Josephine
 24181 | D:12     | Killed Josephine
 24317 | D:12     | Noticed Fannar
 24333 | D:12     | Killed Fannar
 25691 | D:14     | Gained mutation: Your magical capacity is low. (-10% MP)
                  | [Ru sacrifice]
 26003 | D:14     | Found Vecyoc's Antique Weapon Boutique.
 26004 | D:14     | Found Gaenoth's General Store.
 26004 | D:14     | Found Wyok Nal's Antique Armour Boutique.
 26079 | D:14     | Found Gubux's Armour Boutique.
 26094 | D:14     | Bought a polished cloak for 256 gold pieces
 26094 | D:14     | Identified the +0 cloak "Udushraal" {rN+ Will+} (You bought
                  | it in a shop on level 14 of the Dungeon)
 26126 | D:14     | Found a gate to the Vaults.
 26483 | D:14     | Found a runed translucent door.
 26706 | D:14     | Reached skill level 20 in Polearms
 26706 | D:14     | Reached XP level 16. HP: 100/128 MP: 14/14
 26712 | D:14     | Identified the ring "Luonir" {Fly rPois rF+ rN+}
 27023 | D:14     | Bought a scroll of identify for 28 gold pieces
 27032 | D:15     | Entered Level 15 of the Dungeon
 27040 | D:15     | Noticed Louise
 27050 | D:15     | Killed Louise
 27306 | D:15     | Reached skill level 10 in Shields
 27328 | D:15     | Found a staircase to the Depths.
 27406 | D:15     | Noticed Azrael
 27420 | D:15     | Killed Azrael
 27899 | D:15     | Gained mutation: Your casting is slightly disrupted. [Ru
                  | sacrifice]
 27899 | D:15     | Reached *** piety under Ru
 28301 | Swamp:1  | Entered Level 1 of the Swamp
 29694 | Swamp:2  | Reached skill level 15 in Evocations
 29760 | Swamp:2  | Reached XP level 17. HP: 67/137 MP: 15/15
 30435 | Swamp:3  | Gained mutation: You are somewhat unskilled. (-1 Apt) [Ru
                  | sacrifice]
 30435 | Swamp:3  | Reduced skill Polearms to level 19
 30435 | Swamp:3  | Reduced skill Shields to level 10
 30435 | Swamp:3  | Reached **** piety under Ru
 30825 | Swamp:4  | Entered Level 4 of the Swamp
 32284 | Swamp:4  | Reached skill level 5 in Throwing
 32315 | Swamp:4  | Noticed the 27-headed Lernaean hydra
 32329 | Swamp:4  | Killed the 27-headed Lernaean hydra
 32709 | Swamp:4  | Got a decaying rune of Zot
 32927 | Snake:1  | Entered Level 1 of the Snake Pit
 33538 | Snake:1  | Reached XP level 18. HP: 95/142 MP: 16/16
 33995 | Snake:2  | Gained mutation: You cannot study or cast Ice magic. [Ru
                  | sacrifice]
 33995 | Snake:2  | Gained mutation: You cannot study or cast Alchemy magic.
                  | [Ru sacrifice]
 33995 | Snake:2  | Gained mutation: You cannot study or cast Necromancy magic.
                  | [Ru sacrifice]
 33995 | Snake:2  | Reached ***** piety under Ru
 34008 | Snake:2  | Reached skill level 15 in Evocations
 34394 | Snake:2  | Found Roecve's Antique Armour Shop.
 35722 | Snake:3  | Found a radiant altar of Vehumet.
 35726 | Snake:3  | Found a transporter.
 35813 | Snake:3  | Found Udaoketi's Jewellery Emporium.
 35814 | Snake:3  | Found Resuu's Book Boutique.
 35816 | Snake:3  | Found Zuit's Jewellery Emporium.
 35893 | Snake:3  | Reached skill level 20 in Polearms
 36011 | Snake:3  | Noticed Saint Roka
 36019 | Snake:3  | Gained mutation: Potions are less effective at restoring
                  | your health. [a neqoxec]
 36026 | Snake:3  | Killed Saint Roka
 36538 | Snake:3  | Gained mutation: You cannot voluntarily change form. [Ru
                  | sacrifice]
 37746 | Snake:4  | Entered Level 4 of the Snake Pit
 39044 | Snake:4  | Reached XP level 19. HP: 120/150 MP: 17/17
 39570 | Snake:4  | Got a serpentine rune of Zot
 40551 | Snake:3  | Found a transporter.
 40813 | Vaults:1 | Entered Level 1 of the Vaults
 41229 | Vaults:1 | Reached skill level 15 in Shields
 41581 | Vaults:1 | Noticed Boris
 41596 | Vaults:1 | Killed Boris
 42138 | Vaults:1 | Reached XP level 20. HP: 159/159 MP: 18/18
 42797 | Vaults:2 | Noticed Boris
 42808 | Vaults:2 | Killed Boris
 42809 | Vaults:2 | Reached skill level 21 in Polearms
 43224 | Vaults:2 | Found a staircase to the Crypt.
 43224 | Vaults:2 | Found a basalt altar of Yredelemnul.
 43225 | Vaults:2 | Found an ancient bone altar of Kikubaaqudgha.
 43490 | Vaults:2 | Identified the orb "Zoskutey" {*channel, Will+ Regen+ Str+2
                  | Slay+2}
 43490 | Vaults:2 | Noticed Frederick
 43501 | Vaults:2 | Killed Frederick
 45366 | Vaults:4 | Noticed Boris
 45376 | Vaults:4 | Killed Boris
 45421 | Vaults:4 | Reached XP level 21. HP: 166/166 MP: 18/18
 45561 | Vaults:4 | Identified the orb "Yteor" {*Rage, Dex+2 Stlth+}
 45837 | Vaults:4 | Identified the +9 scimitar of Intuition {spect, rF+ rC+ rN+
                  | rCorr}
 45938 | Vaults:4 | Gained mutation: You are dopey. (Int -2) [Ru sacrifice]
 46151 | Vaults:4 | Reached skill level 15 in Fighting
 47220 | Elf:1    | Entered Level 1 of the Elven Halls
 47270 | Elf:1    | Found a radiant altar of Vehumet.
 47283 | Elf:1    | Reached skill level 15 in Armour
 47562 | Elf:1    | Reached skill level 22 in Polearms
 48057 | Elf:1    | Found an ancient bone altar of Kikubaaqudgha.
 48072 | Elf:1    | Acquired 534 gold pieces
 48849 | Elf:2    | Got the Elucidation of Stones and the Icicle
 49583 | Elf:2    | Found a runed translucent gate.
 49585 | Elf:2    | Found a runed translucent gate.
 49589 | Elf:2    | Found a runed translucent gate.
 49677 | Elf:2    | Reached XP level 22. HP: 176/176 MP: 19/19
 50061 | Elf:3    | Entered Level 3 of the Elven Halls
 50663 | Elf:3    | Found Ryepairgh's Book Emporium.
 51373 | Elf:3    | Identified the +3 leather armour "Votiv" {Regen+ Slay+2}
 51418 | Elf:3    | Identified the +4 halberd "Zoquvaqe" {freeze, rC+ rN+++
                  | Int+2 Dex-2}
 51541 | Elf:3    | Identified the +1 ring mail of Jidad {rPois Str+3 Int-5
                  | SInv}
 51799 | Elf:3    | Identified the ring "Miukaro" {Will+ rCorr Int+2 Dex-5
                  | Slay+4}
 51838 | Elf:3    | Identified the +1 lajatang of Extinguishment {freeze,
                  | +Blink Str+3 Int+3 Stlth+}
 51839 | Elf:3    | Identified the +9 dire flail "Giantslayer" {freeze, rN+
                  | Str-3 Int+2 Stlth+}
 51840 | Elf:3    | Identified the +4 scimitar of the Cup {drain, Str+4}
 51849 | Elf:3    | Identified the +5 hand axe of Kaly {pain, rN+}
 51882 | Elf:3    | Identified the +3 scale mail of Mysticism {Harm rPois rN+
                  | MP-9 Stlth+}
 52236 | Depths:1 | Entered Level 1 of the Depths
 52611 | Crypt:1  | Entered Level 1 of the Crypt
 53019 | Crypt:1  | Reached skill level 23 in Polearms
 53088 | Crypt:1  | Identified the +0 ring mail "Riprent" {rPois Int+3 Stlth+}
 53271 | Crypt:1  | Noticed Bai Suzhen
 53301 | Crypt:1  | Killed Bai Suzhen
 53942 | Crypt:2  | Reached XP level 23. HP: 175/177 MP: 20/20
 54366 | Crypt:3  | Entered Level 3 of the Crypt
 54381 | Crypt:3  | Found a runed translucent door.
 54381 | Crypt:3  | Noticed Osipn's ghost (veteran MiGl)
 54420 | Crypt:3  | Noticed Mennas
 55289 | Crypt:3  | Killed Mennas
 55461 | Crypt:3  | Identified the ring "Lus Ats" {rN+ Will++ Str+2}
 55504 | Crypt:3  | Noticed a curse toe
 55515 | Crypt:3  | Killed a curse toe
 55793 | Crypt:3  | Identified the ring "Xyefuw" {rPois rF- rN+ Dex+3 Slay+3}
 55823 | Crypt:3  | Noticed a curse toe
 55840 | Crypt:3  | Killed a curse toe
 55841 | Crypt:3  | Reached skill level 10 in Throwing
 56049 | Crypt:3  | Identified the +2 scale mail "Ujutzuah" {rF+ rN++ Regen+
                  | Dex+3}
 56049 | Crypt:3  | Identified the ring of Untruth {rN+ Str-4 Int+4 Dex+4}
 56072 | Crypt:3  | Found a basalt altar of Yredelemnul.
 56079 | Crypt:3  | Found an ancient bone altar of Kikubaaqudgha.
 56111 | Crypt:3  | Identified the staff "Joacvy" {rF+ Str+2 Fire}
 56346 | Crypt:3  | Found a staircase to the Tomb.
 56674 | Depths:2 | Found Liantyst's Armour Shop.
 56913 | Depths:1 | Noticed a juggernaut
 56922 | Depths:1 | Killed a juggernaut
 56984 | Depths:1 | Identified the +5 long sword "Ogreslayer" {holy, *Corrode
                  | rPois Dex+5}
 57083 | Depths:1 | Found a one-way gate leading to the halls of Pandemonium.
 57177 | Depths:1 | Found a gateway to Hell.
 57661 | Depths:1 | Found Juanow's Firing Range.
 57666 | Depths:1 | Bought 5 silver javelins for 630 gold pieces
 57666 | Depths:1 | Bought a throwing net for 42 gold pieces
 57666 | Depths:1 | Bought 2 throwing nets for 84 gold pieces
 57666 | Depths:1 | Bought a throwing net for 42 gold pieces
 57666 | Depths:1 | Bought 2 throwing nets for 84 gold pieces
 57666 | Depths:1 | Bought 3 silver javelins for 378 gold pieces
 57945 | Depths:2 | Found Fodexkam's General Store.
 58244 | Depths:2 | Found a one-way gate to the infinite horrors of the Abyss.
 58410 | Depths:2 | Found Hinwomal's Book Boutique.
 58476 | Depths:2 | Reached skill level 24 in Polearms
 58483 | Depths:2 | Reached XP level 24. HP: 193/193 MP: 20/20
 58490 | Depths:2 | Learned a level 3 spell: Passwall
 58492 | Depths:2 | Learned a level 1 spell: Apportation
 58526 | Depths:2 | Found a one-way gateway to a ziggurat.
 58737 | Depths:2 | Identified the ring of Amuo {rElec rPois rCorr Str-5 Int+2}
 58846 | Depths:2 | Found Yfamidwo's Book Shop.
 59209 | Depths:3 | Noticed a juggernaut
 59209 | Depths:3 | Noticed a juggernaut
 59221 | Depths:3 | Killed a juggernaut
 59222 | Depths:3 | Reached skill level 1 in Spellcasting
 59222 | Depths:3 | Reached skill level 1 in Earth Magic
 59369 | Depths:3 | Killed a juggernaut
 59564 | Depths:3 | Identified the amulet "Taetiudd" {Spirit -Tele rCorr SInv}
 59660 | Depths:3 | Identified the +0 war axe of Kafoseta {distort, rC+}
 59831 | Depths:3 | Found an opulent altar of Gozag.
 60186 | Depths:4 | Entered Level 4 of the Depths
 60415 | Depths:4 | Noticed the Enchantress
 60423 | Depths:4 | Killed the Enchantress
 60786 | Depths:4 | Found a gate to the Realm of Zot.
 61165 | Depths:4 | Found a broken altar of Ashenzari.
 61283 | Depths:4 | Found Big Baal Hell's Store.
 61417 | Depths:4 | Reached XP level 25. HP: 194/196 MP: 26/26
 61975 | D:2      | Bought a scroll of enchant armour for 97 gold pieces
 62219 | Lair:3   | Killed Ruicvywi's ghost
 62225 | Lair:3   | Killed Ruicvywi's ghost
 62232 | Lair:3   | Killed Irhican's ghost
 62765 | Vaults:5 | Entered Level 5 of the Vaults
 62777 | Vaults:4 | Reached skill level 5 in Earth Magic
 62843 | Vaults:5 | Noticed a dread lich
 62948 | Vaults:4 | Killed a dread lich
 63515 | Vaults:5 | Identified the +0 leather armour of Yesterday {rElec rC+
                  | Stlth-}
 63537 | Vaults:5 | Noticed an ancient lich
 63655 | Vaults:5 | Noticed a dread lich
 63665 | Vaults:5 | Killed a dread lich
 63666 | Vaults:5 | Killed an ancient lich
 63667 | Vaults:5 | Reached skill level 5 in Spellcasting
 63863 | Vaults:5 | Identified the +0 robe of Disappointment {*Slow Will+
                  | Int+4}
 64323 | Vaults:5 | Got a silver rune of Zot
 64449 | Vaults:5 | Identified the +5 dire flail of Dockapra {freeze, ^Fragile
                  | rElec rN+}
 64695 | Vaults:5 | Identified the +10 lajatang "Loopy" {freeze, rPois Str+3}
 65115 | Vaults:5 | Identified the +2 quick blade "Nutuub" {flame, Int+3 Dex+6}
 65547 | Vaults:5 | Reached XP level 26. HP: 172/211 MP: 28/28
 65547 | Vaults:5 | Identified the +0 chain mail of Bad Feelings {rF+ Str+2
                  | Int+2}
 65704 | Vaults:5 | Identified the amulet "Wumuisuri" {RegenMP rElec rF+ rN++
                  | Str-2}
 65711 | Vaults:5 | Noticed an ancient lich
 65713 | Vaults:5 | Identified the ring "Ikeip" {rPois rF++ rN+ rCorr Int-3}
 65717 | Vaults:5 | Identified the ring "Ogyaqe" {Int+2 SInv}
 65721 | Vaults:5 | Killed an ancient lich
 66339 | D:2      | Bought a scroll of fear for 52 gold pieces
 66355 | D:2      | Bought a scroll of fear for 52 gold pieces
 66547 | D:12     | You paid a toll of 8 scrolls of fear to enter a treasure
                  | trove
 66548 | Trove    | Entered a treasure trove
 66560 | Trove    | Identified the +2 pair of boots "Hokus" {+Blink rPois
                  | rCorr}
 66576 | Trove    | Identified the +0 cloak of Voonwut {Rampage +Inv SInv}
 66587 | Trove    | Identified the +2 buckler "Keikoc" {SInv}
 66597 | Trove    | Found the +2 hood of the Assassin {Detect Stab+ Stlth++}
 66597 | Trove    | Found the +2 hat of the Bear Spirit {Spirit, Bear, *Rage
                  | Will++}
 66603 | Trove    | Identified the +1 hat of the Shining Light {rN+++ Dex-5
                  | SInv}
 66610 | Trove    | Found the +3 pair of gauntlets of War {Slay+5}
 66618 | Trove    | Identified the +4 pair of gloves of the Ten Dances {Harm
                  | Str-2 Int-4 SInv}
 66837 | Slime:1  | Entered Level 1 of the Pits of Slime
 67330 | Slime:3  | Found a viscous altar of Jiyva.
 67598 | Slime:5  | Entered Level 5 of the Pits of Slime
 67614 | Slime:5  | Gained mutation: You do not regenerate when monsters are
                  | visible. [a shining eye]
 67843 | Slime:5  | Reached skill level 25 in Polearms
 67848 | Slime:5  | Noticed the Royal Jelly
 67856 | Slime:5  | Killed the Royal Jelly
 68153 | Slime:5  | Identified the +5 scale mail "Wahiuveu" {^Drain rC++ Int+2}
 68154 | Slime:5  | Identified the ring of Satisfaction {+Blink rElec rF+
                  | Will+}
 68214 | Slime:5  | Identified the +2 shortbow of Egefilo {heavy, rElec rN+
                  | Str+3}
 68233 | Slime:5  | Identified the +7 dagger "Len Zyivu" {drain, rF++ rC+
                  | Dex+4}
 68258 | Slime:5  | Found the +7 great mace "Firestarter" {flame, immolate,
                  | rFlCloud rF++}
 68265 | Slime:5  | Identified the +3 double sword "Istri" {venom, MP+9}
 68267 | Slime:5  | Got a slimy rune of Zot
 68280 | Slime:5  | Got the Catalogue of the Spider
 68807 | Orc:2    | Bought a potion of might for 44 gold pieces
 69024 | Depths:4 | Bought 10 scrolls of summoning for 6270 gold pieces
 69088 | Zot:1    | Entered Level 1 of the Realm of Zot
 69280 | Zot:1    | Noticed an orb of fire
 69289 | Zot:1    | Killed from afar by a red draconian scorcher

Illustrated notes

Levels and vault maps discovered:
D:1:      evilmike_arrival_plus, layout_loops_cross, minivault_14,
          serial_park_tiny_pond, chequers_decorated_corner
D:2:      layout_loops_ring, serial_shops, shop_statue, nicolae_shop_trees,
          shop, shop, shop, ebering_ecumenical_altar_sacrificial
D:3:      layout_basic, uniq_sigmund
D:4:      minmay_recursive_quarters, layout_rooms, mainiacjoe_overflow_catwalk,
          uniq_grinder
D:5:      layout_loops_ring, minmay_temple_entry_drinking_statues,
          gammafunk_ghost_icy, palyth_stone_intersect
D:6:      layout_loops_corners
D:7:      layout_basic, grunt_ministairs_9
D:8:      layout_basic, mainiacjoe_overflow_alcove_4
D:9:      layout_basic, enter_bailey_4, serial_shops, kennysheep_mini, shop
D:10:     layout_roguey, mainiacjoe_overflow_cross_hatched,
          nicolae_ru_sacrificial_ziggurat, gammafunk_temple_overflow_claw,
          erik_orc_3, serial_shops, nicolae_shop_hallway_plus,
          eino_house_with_fridge, uniq_snorg, uniq_gastronok
D:11:     layout_roguey, dpeg_lair_monsters, serial_glass, glass_columns_a,
          glass_columns_a
D:12:     layout_rooms, nicolae_trove_entry_crystal, uniq_josephine,
          uniq_fannar, uniq_psyche
D:13:     layout_rooms
D:14:     minmay_the_grid_triangle_9x9_rhombus_full
          [minmay_the_grid_triangle_9x9_skeleton,
          minmay_the_grid_triangle_9x9_sprig,
          minmay_the_grid_triangle_9x9_minimal,
          minmay_the_grid_triangle_9x9_zippers_vertical,
          minmay_the_grid_triangle_9x9_subtriangle,
          minmay_the_grid_triangle_9x9_warning,
          minmay_the_grid_triangle_9x9_dagger,
          minmay_the_grid_triangle_9x9_prize_schism], layout_rooms,
          erik_vaults_2, minmay_shop_grid_forest
D:15:     grunt_enter_depths_snipers, layout_small_grid, glass_columns_a,
          minmay_increasing_density, uniq_azrael, uniq_louise
Temple:   eino_wide_crystal_templ
Lair:1:   layout_gridlike, infiniplex_staircase_pool, grunt_megastairs_3,
          uniq_joseph
Lair:2:   layout_layer_cave, skrybe_swamp_entry_bodies,
          nicolae_snake_entry_warm_welcome
Lair:3:   layout_cave_pods, gammafunk_ghost_cemetery,
          nicolae_quartered_pool_little
Lair:4:   layout_cave_pods, portal_ice_cave_entry_imps, tgw_fedhas
Lair:5:   minmay_lair_end_frog_pond, layout_concentric_octagons,
          nicolae_slime_entry_slimehenge
Swamp:1:  layout_basic_swamp, evilmike_swamp_ruin_house_2,
          nicolae_swamp_fairy_circle
Swamp:2:  layout_basic_swamp, evilmike_swamp_ruin_rubble_1, swamp_pool_5,
          beargit_elvish_explorers
Swamp:3:  nicolae_swamp_secret_spriggan_hideout, layout_falls_marsh,
          evilmike_swamp_ruin_house_5
Swamp:4:  swamp_old_school, layout_basic_swamp
Snake:1:  layout_basic, serial_bayou_pond_e
Snake:2:  layout_chambers, serial_shops, nicolae_square_shop,
          nicolae_snake_round_shape_thing
Snake:3:  gammafunk_sealed_library, layout_gridlike, nicolae_triple_integral,
          minmay_shop_grove, uniq_saint_roka
Snake:4:  hellmonk_snake_rune_quicksilver_temple, layout_rooms
Slime:1:  layout_caves
Slime:2:  layout_caves, basic_altar
Slime:3:  layout_caves, basic_altar
Slime:4:  cheibrodos_slime_lost_civilization_1, layout_caves
Slime:5:  slime_pit_nicolae_trefoil
Orc:1:    orc_temple, layout_diamond_mine
Orc:2:    grunt_orc_community_town_hall, layout_caves,
          grunt_orc_community_big_house_2, grunt_orc_community_big_house_2,
          grunt_orc_community_house_3, grunt_orc_community_house_2,
          grunt_orc_community_house_1, grunt_orc_community_house_1
Elf:1:    eino_elf_arrival_altar, layout_geoelf_octagon, basic_altar,
          hangedman_elven_crosses_minicolossus
Elf:2:    elven_hall_of_blades_hangedman_original
          [nicolae_vaults_blade_armed_guards], layout_geoelf_octagon,
          due_unseen_surprise
Elf:3:    elf_hall_gauntlet_wide, layout_geoelf_castle, serial_shops, shop
Vaults:1: hangedman_vaults_slither, vaults_room_boxed, nicolae_vaults_network_s,
          nicolae_vaults_storage_closets_1, nicolae_vaults_door_testing_chamber,
          vaults_room_hallway, hangedman_vaults_hat,
          nicolae_vaults_diagonal_hallway_7, nicolae_vaults_murder_corner,
          nicolae_vaults_tetromino_T_1, layout_vaults_chaotic_city, uniq_boris
Vaults:2: minmay_crypt_entry_necro_gods, nicolae_vaults_circle_grid_a,
          nicolae_vaults_theta, nicolae_vaults_trapezoid_3,
          nicolae_vaults_ring_of_whatevers, nicolae_vaults_shelves_hall,
          nicolae_vaults_little_squares_6, layout_vaults_omnigrid,
          uniq_frederick
Vaults:3: nicolae_vaults_big_angled_halls, hangedman_vaults_river_flow,
          nicolae_vaults_puzzle_piece, st_lines, vaults_mumra_chevron_long,
          hangedman_vaults_capsules, nicolae_vaults_two_Ls,
          ontoclasm_vaults_spin, vaults_mumra_hex,
          nicolae_vaults_storage_closets_2, nicolae_vaults_ring_of_whatevers,
          vaults_dpeg_diagonal, nicolae_vaults_tetromino_Z_2, layout_vaults_ring
Vaults:4: nicolae_vaults_offset_grid_hallway_4,
          nicolae_vaults_windows_and_doors_thing,
          nicolae_vaults_hexular_roomagon, nicolae_vaults_big_angled_halls,
          v_misc_1, ontoclasm_vaults_ring_large,
          nicolae_vaults_stairing_the_circle, v_alt_pattern_2,
          ontoclasm_vaults_ligature, nicolae_vaults_little_squares_3,
          ontoclasm_vaults_ring_large, nicolae_vaults_layer_cake_slice,
          hangedman_vaults_trim, layout_vaults_omnibox
Vaults:5: serial_shops
Crypt:1:  layout_chaotic_city, uniq_bai_suzhen
Crypt:2:  layout_rooms
Crypt:3:  lightli_unholy_cathedral, layout_chaotic_city,
          tomb_entry_simple_bobbens, hellmonk_ghost_happy_afterlife, uniq_mennas
Depths:1: minmay_inside_and_out, layout_small_grid, rand_demon_pan_entry_3,
          hell_entry, nicolae_shop_firing_range
Depths:2: nicolae_hitomezashi [nicolae_hito_row, nicolae_hito_row,
          nicolae_hito_row, nicolae_hito_row, nicolae_hito_row,
          nicolae_hito_row, nicolae_hito_row, nicolae_hito_row,
          nicolae_hito_row, nicolae_hito_row, nicolae_hito_row,
          nicolae_hito_row, nicolae_hito_row, nicolae_hito_row,
          nicolae_hito_row, nicolae_hito_row, nicolae_hito_row,
          nicolae_hito_row], layout_gridlike, enter_ziggurat_b,
          grunt_pan_entry_spiral, serial_sigils_hangedman_writhe, serial_shops,
          shop, nicolae_shop_waterfront, shop, shop, grunt_hell_entry_dis_old,
          abyss_entry
Depths:3: grunt_x_marks_the_spot, layout_cave_pools, pf_hell_entry_great_geh,
          abyss_entry, grunt_gozag_breadcrumbs
Depths:4: grunt_zot_entry_bicorn, layout_cave_shapes,
          nicolae_hell_entry_big_baal_hell, nicolae_ashenzari_panopticon,
          uniq_enchantress
Zot:1:    hangedman_zot_vaults_quadrants, layout_cathedral_of_symmetry,
          regret_index_zotdec_gossamer_parallel, uniq_josephina

Skill      XL: |  1  2  3  4  5  6  7  8  9 10 11 12 13 14 15 16 17 18 19 20 21 22 23 24 25 26 |
---------------+-------------------------------------------------------------------------------+-----
Armour         | 1 3 4 6 7 9 10 12 13 12 13 14 15 16 17 18 | 18.3
Polearms       | 3 5 6 7 9 12 14 15 16 17 18 20 19 20 21 22 23 24 25 | 25.2
Dodging        | 2 4 5 4 |  4.5
Evocations     | 2 4 6 8 10 13 15 14 15 16 17 18 19 | 19.7
Fighting       | 4 6 7 9 10 12 13 12 13 14 15 16 17 18 | 18.5
Throwing       | 2 4 5 6 7 8 9 10 11 12 | 12.5
Stealth        | 0 |  0.0
Shields        | 9 11 12 14 16 18 19 20 21 | 21.0
Spellcasting   | 4 5 6 |  6.8
Earth Magic    | 4 7 8 |  8.2

Action                     |  1- 3 |  4- 6 |  7- 9 | 10-12 | 13-15 | 16-18 | 19-21 | 22-24 | 25-27 || total
---------------------------+-------+-------+-------+-------+-------+-------+-------+-------+-------++-------
  Melee: Spear             |   140 |   102 |       |       |       |       |       |       |       ||   242
         Halberd           |       |    37 |   232 |   251 |   248 |       |       |       |       ||   768
         Punch             |       |     1 |     1 |     8 |       |       |       |       |       ||    10
         Bardiche          |       |       |       |   207 |   938 |   950 |   826 |  1240 |   727 ||  4888
         Trident           |       |       |       |       |    52 |     3 |       |       |       ||    55
         Demon trident     |       |       |       |       |       |    70 |   242 |    33 |       ||   345
  Throw: Stone             |     4 |     4 |       |       |       |       |       |       |       ||     8
         Dart              |       |     8 |     3 |     6 |    24 |       |       |       |       ||    41
         Boomerang         |       |       |       |       |     1 |    30 |    56 |    53 |    21 ||   161
         Javelin           |       |       |       |       |       |       |       |     3 |    34 ||    37
         Throwing net      |       |       |       |       |       |       |       |       |     2 ||     2
 Invoke: Fiery Armour      |       |       |     1 |     2 |     2 |       |       |       |       ||     5
         Sacrifice Essence |       |       |       |       |     1 |     1 |       |       |       ||     2
         Sacrifice Stealth |       |       |       |       |     1 |       |       |       |       ||     1
         Sacrifice Experie |       |       |       |       |     1 |       |       |       |       ||     1
         Power Leap        |       |       |       |       |       |     1 |       |       |       ||     1
         Sacrifice Skill   |       |       |       |       |       |     1 |       |       |       ||     1
         Draw Out Power    |       |       |       |       |       |     1 |       |     1 |       ||     2
         Sacrifice Arcana  |       |       |       |       |       |     1 |       |       |       ||     1
         Sacrifice Forms   |       |       |       |       |       |     1 |       |       |       ||     1
         Apocalypse        |       |       |       |       |       |       |     3 |    10 |     2 ||    15
         Reject Sacrifices |       |       |       |       |       |       |     2 |     1 |       ||     3
         Sacrifice Purity  |       |       |       |       |       |       |     1 |       |       ||     1
Ability: Dig               |       |       |       |     2 |     2 |     1 |     1 |     1 |       ||     7
  Evoke: Wand              |       |       |       |     5 |    11 |     8 |     4 |     4 |     1 ||    33
         Box of beasts     |       |       |       |       |       |     2 |     1 |     1 |       ||     4
         Lightning rod     |       |       |       |       |       |       |     3 |     2 |       ||     5
         Phial of floods   |       |       |       |       |       |       |     2 |     1 |     1 ||     4
    Use: Scroll            |       |     7 |     6 |    14 |    12 |     9 |     5 |     4 |    18 ||    75
         Potion            |       |       |       |       |       |       |     2 |     1 |     2 ||     5
   Stab: Sleeping          |     6 |     5 |       |       |       |       |       |       |       ||    11
         Petrified         |       |       |       |       |     2 |       |       |       |       ||     2
         Invisible         |       |       |       |       |     1 |     8 |     1 |     8 |       ||    18
         Distracted        |       |       |       |       |       |     5 |     5 |    10 |     8 ||    28
         Paralysed         |       |       |       |       |       |       |     2 |    19 |     7 ||    28
 Armour: Leather armour    |    48 |     8 |       |       |       |       |       |       |       ||    56
         Ring mail         |       |    12 |       |       |       |       |       |       |       ||    12
         Robe              |       |    12 |       |       |       |       |       |       |       ||    12
         Chain mail        |       |    21 |   112 |   156 |       |       |       |       |       ||   289
         Plate armour      |       |       |       |   136 |   216 |       |       |       |       ||   352
         Crystal plate arm |       |       |       |       |   564 |   517 |   253 |   360 |   196 ||  1890
  Dodge: Dodged            |    62 |    75 |   137 |   251 |   539 |   200 |   108 |   148 |    68 ||  1588
  Block: Other             |       |       |       |    39 |     5 |       |       |       |       ||    44
         Reflection        |       |       |       |     5 |    25 |    82 |    81 |    39 |    53 ||   285
         Kite shield       |       |       |       |       |   189 |   110 |       |       |       ||   299
         Tower shield      |       |       |       |       |       |   866 |   707 |   854 |   641 ||  3068
Riposte: Halberd           |       |       |       |    46 |    30 |       |       |       |       ||    76
         Bardiche          |       |       |       |    31 |   147 |   284 |   155 |   286 |   213 ||  1116
         Trident           |       |       |       |       |     5 |     2 |       |       |       ||     7
         Demon trident     |       |       |       |       |       |    49 |    65 |     8 |       ||   122
